 Dungeon Crawl Stone Soup version 0.31-a0-365-gcf821cafb2 (webtiles) character file.

Game seed: 2532337714066110850

1600 garrulousMonolith the Digger (level 8, 0/57 (60) HPs)
             Began as a Gnoll Earth Elementalist on July 28, 2023.
             Slain by a wight
             ... wielding a +3 flail of freezing
              (4 damage)
             ... on level 6 of the Dungeon.
             The game lasted 00:08:48 (5147 turns).

garrulousMonolith the Digger (GnEE)                 Turns: 5147, Time: 00:08:49

HP:   0/57 (60)     AC:  9    Str:  7    XL:     8   Next: 94%
MP:   13/17         EV: 14    Int: 17    God:
Gold: 71            SH:  0    Dex: 13    Spells: 12/19 levels left

rFire   . . .        t - +1 short sword (venom)
rCold   . . .        (no shield)
rNeg    + . .        p - +2 robe {rN+}
rPois   .            l - +0 helmet
rElec   .            r - +0 cloak
rCorr   .            i - +0 pair of gloves
SInv    .            j - +0 pair of boots
Will    .....        (no amulet)
Stlth   +++          (no ring)
HPRegen 0.29/turn    (no ring)
MPRegen 0.15/turn

%: no passive effects
@: drained
A: fangs 1, strong nose, distributed training
a: no special abilities


You were on level 6 of the Dungeon.
You visited 2 branches of the dungeon, and saw 7 of its levels.

You collected 104 gold pieces.
You spent 33 gold pieces at shops.

Inventory:

Hand Weapons
 t - a +1 short sword of venom (weapon)
Missiles
 k - 2 throwing nets
Armour
 i - a +0 pair of gloves (worn)
 j - a +0 pair of boots (worn)
 l - a +0 helmet (worn)
 p - a +2 robe of positive energy (worn)
 r - a +0 cloak (worn)
Jewellery
 x - a ring of magical power
Talismans
 u - a maw talisman
Wands
 o - a wand of mindburst (14)
Scrolls
 a - a scroll of butterflies {unknown}
 b - a scroll of acquirement {unknown}
 c - a scroll of vulnerability
 f - a scroll of silence
 g - 7 scrolls of identify {unknown}
 m - 5 scrolls of teleportation
 s - a scroll of brand weapon {unknown}
 v - a scroll of revelation {unknown}
 w - 2 scrolls of enchant weapon {unknown}
Potions
 d - a potion of lignification
 e - a potion of mutation {unknown}
 h - a potion of berserk rage {unknown}
 n - 2 potions of haste {unknown}
 q - a potion of attraction {unknown}


   Skills:
 + Level 3.7 Fighting
 + Level 3.7 Short Blades
 + Level 3.7 Long Blades
 + Level 3.7 Axes
 + Level 3.7 Maces & Flails
 + Level 3.7 Polearms
 + Level 3.7 Staves
 + Level 3.7 Ranged Weapons
 + Level 3.7 Throwing
 + Level 3.7 Armour
 + Level 6.0 Dodging
 + Level 5.7 Stealth
 + Level 3.7 Shields
 + Level 3.7 Unarmed Combat
 + Level 6.3 Spellcasting
 + Level 3.1 Conjurations
 + Level 3.1 Hexes
 + Level 3.1 Summonings
 + Level 3.1 Necromancy
 + Level 3.1 Translocations
 + Level 3.8 Transmutations
 + Level 3.1 Fire Magic
 + Level 3.1 Ice Magic
 + Level 3.1 Air Magic
 + Level 6.3 Earth Magic
 + Level 3.1 Poison Magic
 + Level 4.1 Invocations
 + Level 3.7 Evocations
 + Level 3.1 Shapeshifting


You had 12 spell levels left.
You knew the following spells:

 Your Spells              Type           Power      Damage    Failure   Level
a - Sandblast             Erth           52%        2d12      1%          1
b - Stone Arrow           Conj/Erth      42%        3d9       5%          3
c - Passwall              Tmut/Erth      18%        N/A       2%          2
d - Apportation           Tloc           30%        N/A       3%          1

Your spell library contained the following spells:

 Spells                   Type           Power      Damage    Failure   Level
 Summon Small Mammal      Summ           60%        N/A       3%          1
 Call Canine Familiar     Summ           15%        N/A       11%         3
 Summon Guardian Golem    Hex/Summ       15%        N/A       11%         3
 Petrify                  Tmut/Erth      22%        N/A       16%         4
 Alistair's Intoxication  Tmut/Pois      11%        N/A       63%         5


Dungeon Overview and Level Annotations

Branches:
Dungeon (6/15)             Temple (1/1) D:5

Altars:
Cheibriados
Dithmenos
Elyvilon
Fedhas
Gozag
Hepliaklqana
Makhleb
Nemelex Xobeh
Okawaru
Qazlal
Ru
Trog
Uskayaw
Wu Jian
Xom
Yredelemnul
Zin
The Shining One

Shops:
D:4 ?(


Innate Abilities, Weirdness & Mutations

You have very sharp teeth.
Your uncanny sense of smell can sniff out nearby items.
Your experience applies equally to all skills.


Message History

The blast of sand hits the wight but does no damage.
The wight is moderately damaged.
The wight completely misses you. The wight misses you.
Casting: Sandblast (safe; 1% risk of failure)
Confirm with . or Enter, or press ? or * to list all spells.
Aiming: Sandblast (safe; 1% risk of failure)
Press: ? - help, Shift-Dir - straight line, f/p - wight
Aim: a wight, wielding a +3 flail of freezing and wearing a +0 robe (moderately damaged, 83% to hit)
The blast of sand hits the wight but does no damage.
The wight is moderately damaged.
The wight hits you with a +3 flail of freezing!
You partially resist.
You feel drained. The wight freezes you. The wight barely misses you.
The wight hits you with a +3 flail of freezing!
The wight freezes you. The wight barely misses you.
Casting: Sandblast (safe; 1% risk of failure)
Confirm with . or Enter, or press ? or * to list all spells.
Aiming: Sandblast (safe; 1% risk of failure)
Press: ? - help, Shift-Dir - straight line, f/p - wight
Aim: a wight, wielding a +3 flail of freezing and wearing a +0 robe (moderately damaged, 83% to hit)
The blast of sand hits the wight but does no damage.
The wight is moderately damaged.
The wight barely misses you. x2
Casting: Sandblast (safe; 1% risk of failure)
Confirm with . or Enter, or press ? or * to list all spells.
Aiming: Sandblast (safe; 1% risk of failure)
Press: ? - help, Shift-Dir - straight line, f/p - wight
Aim: a wight, wielding a +3 flail of freezing and wearing a +0 robe (moderately damaged, 83% to hit)
The blast of sand hits the wight but does no damage.
The wight is moderately damaged.
The wight hits you with a +3 flail of freezing!
The wight freezes you!
* * * LOW HITPOINT WARNING * * *
The wight barely misses you.
The wight hits you with a +3 flail of freezing!
* * * LOW HITPOINT WARNING * * *
You partially resist.
You feel drained.
* * * LOW HITPOINT WARNING * * *
The wight freezes you.
You die...

....########
###......####
.#######....#####
.......#........#
##..##..........#
##.####........#
#.## #####....#
## #..##
#.##.###...##
##..#
#.##.@zz.....
##.##
#.######....#
#..## #.# .#.
##..####..
######........
..##.........#
..##.#######..
>....# . ...###


You could see 2 wights.

Vanquished Creatures
  Grinder (D:3)
  Sigmund (D:3)
  Eustachio (D:4)
  Edmund (D:4)
  A sky beast (D:6)
  2 black bears
  A phantom (D:5)
  A centaur (D:6)
  An orc priest (D:5)
  2 hounds
  Crazy Yiuf (D:3)
  A sleepcap (D:6)
  Jessica (D:2)
  Terence (D:2)
  4 iguanas
  3 orc wizards
  Robin (D:2)
  4 gnolls (D:4)
  4 adders
  An ufetubus (D:4)
  2 worms
  2 dart slugs
  10 orcs
  6 endoplasms
  2 giant cockroaches
  15 goblins
  9 hobgoblins
  11 jackals
  6 kobolds
  5 quokkas
  10 ball pythons
  3 bats (D:1)
  6 rats
120 creatures vanquished.

Notes
Turn   | Place    | Note
-------+----------+-------------------------------------------
     0 | D:1      | garrulousMonolith the Gnoll Earth Elementalist began the
                  | quest for the Orb.
     0 | D:1      | Reached XP level 1. HP: 13/13 MP: 6/6
   149 | D:1      | Reached XP level 2. HP: 9/19 MP: 2/7
   434 | D:1      | Reached skill level 5 in Spellcasting
   434 | D:1      | Reached XP level 3. HP: 20/25 MP: 3/9
   668 | D:1      | Reached skill level 1 in Invocations
   980 | D:2      | Noticed Robin
   992 | D:2      | Reached skill level 1 in Fighting
   992 | D:2      | Reached skill level 1 in Short Blades
   992 | D:2      | Reached skill level 1 in Long Blades
   992 | D:2      | Reached skill level 1 in Axes
   992 | D:2      | Reached skill level 1 in Maces & Flails
   992 | D:2      | Reached skill level 1 in Polearms
   992 | D:2      | Reached skill level 1 in Staves
   992 | D:2      | Reached skill level 1 in Ranged Weapons
   992 | D:2      | Reached skill level 1 in Throwing
   992 | D:2      | Reached skill level 1 in Armour
   992 | D:2      | Reached skill level 1 in Shields
   992 | D:2      | Reached skill level 1 in Unarmed Combat
   992 | D:2      | Reached skill level 1 in Evocations
  1077 | D:2      | Killed Robin
  1078 | D:2      | Reached XP level 4. HP: 32/32 MP: 7/11
  1266 | D:2      | Learned a level 3 spell: Stone Arrow
  1269 | D:2      | Learned a level 2 spell: Passwall
  1316 | D:2      | Noticed Jessica
  1326 | D:2      | Killed Jessica
  1327 | D:2      | Reached skill level 1 in Conjurations
  1327 | D:2      | Reached skill level 1 in Hexes
  1327 | D:2      | Reached skill level 1 in Summonings
  1327 | D:2      | Reached skill level 1 in Necromancy
  1327 | D:2      | Reached skill level 1 in Translocations
  1327 | D:2      | Reached skill level 1 in Fire Magic
  1327 | D:2      | Reached skill level 1 in Ice Magic
  1327 | D:2      | Reached skill level 1 in Air Magic
  1327 | D:2      | Reached skill level 1 in Poison Magic
  1327 | D:2      | Reached skill level 1 in Shapeshifting
  1550 | D:2      | Noticed Terence
  1559 | D:2      | Killed Terence
  1560 | D:2      | Reached XP level 5. HP: 19/37 MP: 5/12
  1995 | D:3      | Noticed Sigmund
  2101 | D:3      | Killed Sigmund
  2102 | D:3      | Reached skill level 5 in Dodging
  2102 | D:3      | Reached XP level 6. HP: 44/44 MP: 8/14
  2170 | D:3      | Found a runed translucent door.
  2171 | D:3      | Noticed Crazy Yiuf
  2482 | D:3      | Noticed Grinder
  2492 | D:3      | Killed Grinder
  2493 | D:3      | Reached XP level 7. HP: 36/51 MP: 8/15
  2885 | D:3      | Found a faded altar of an unknown god.
  2955 | D:3      | Found an iron altar of Okawaru.
  2962 | D:3      | Found a basalt altar of Yredelemnul.
  3083 | D:3      | Killed Crazy Yiuf
  3140 | D:4      | Noticed Eustachio
  3145 | D:4      | Killed Eustachio
  3146 | D:4      | Reached skill level 5 in Stealth
  3205 | D:4      | Noticed Edmund
  3208 | D:4      | Found Sogodgh's Magic Scroll Boutique.
  3252 | D:4      | Killed Edmund
  3264 | D:4      | Reached XP level 8. HP: 12/57 MP: 2/16
  3441 | D:4      | Bought a scroll of teleportation for 33 gold pieces
  3547 | D:4      | Found Bahiz's Antique Weapon Shoppe.
  4132 | D:4      | Found a hide-covered altar of Uskayaw.
  4482 | D:5      | Entered Level 5 of the Dungeon
  4513 | D:5      | Found a staircase to the Ecumenical Temple.
  4522 | Temple   | Entered the Ecumenical Temple
  4552 | D:5      | Found a snail-covered altar of Cheibriados.
  4943 | D:6      | Learned a level 1 spell: Apportation
  5147 | D:6      | Slain by a wight

Illustrated notes

Levels and vault maps discovered:
D:1:      ebering_trefoil_3fold, layout_basic, minmay_curled_crystal,
          minmay_misc_feat_square
D:2:      layout_basic, uniq_jessica, uniq_terence, uniq_robin
D:3:      layout_basic, amethyst_overflow_temple_binary,
          ebering_ecumenical_altar_rust, patterned_corridor, uniq_grinder,
          uniq_sigmund, uniq_crazy_yiuf_cottage
D:4:      layout_loops_ring, mainiacjoe_overflow_alcove_1, serial_shops, shop,
          nicolae_shop_gibbet_a_chance, chequers_arboretum, uniq_edmund,
          uniq_eustachio
D:5:      layout_rooms, mainiacjoe_overflow_alcove_4, evilmike_ruin_ashenzari,
          minmay_temple_entry_statues_fountains, hangedman_decor_riveting,
          uniq_ijyb
D:6:      layout_rooms
Temple:   eino_temple_lava

Skill      XL: |  1  2  3  4  5  6  7  8 |
---------------+-------------------------+-----
Transmutations | 2 3 |  3.8
Spellcasting   | 5 6 |  6.3
Invocations    | 1 2 3 4 |  4.1
Fighting       | 1 2 3 |  3.7
Short Blades   | 1 2 3 |  3.7
Long Blades    | 1 2 3 |  3.7
Axes           | 1 2 3 |  3.7
Maces & Flails | 1 2 3 |  3.7
Polearms       | 1 2 3 |  3.7
Staves         | 1 2 3 |  3.7
Ranged Weapons | 1 2 3 |  3.7
Throwing       | 1 2 3 |  3.7
Armour         | 1 2 3 |  3.7
Shields        | 1 2 3 |  3.7
Unarmed Combat | 1 2 3 |  3.7
Evocations     | 1 2 3 |  3.7
Conjurations   | 1 2 3 |  3.1
Hexes          | 1 2 3 |  3.1
Summonings     | 1 2 3 |  3.1
Necromancy     | 1 2 3 |  3.1
Translocations | 1 2 3 |  3.1
Fire Magic     | 1 2 3 |  3.1
Ice Magic      | 1 2 3 |  3.1
Air Magic      | 1 2 3 |  3.1
Poison Magic   | 1 2 3 |  3.1
Shapeshifting  | 1 2 3 |  3.1
Dodging        | 5 6 |  6.0
Stealth        | 5 |  5.7
Earth Magic    | 6 |  6.3

Action                     |  1- 3 |  4- 6 |  7- 9 || total
---------------------------+-------+-------+-------++-------
  Melee: Unarmed           |    35 |       |       ||    35
         Bite              |     2 |       |     3 ||     5
         Punch             |     1 |       |     1 ||     2
         Dagger            |       |       |    35 ||    35
         Short sword       |       |       |    14 ||    14
   Cast: Sandblast         |    47 |    68 |    82 ||   197
         Stone Arrow       |       |       |    28 ||    28
    Use: Potion            |     1 |       |     1 ||     2
         Scroll            |     1 |       |     1 ||     2
   Stab: Sleeping          |     1 |       |       ||     1
 Armour: Robe              |    21 |     4 |    29 ||    54
         Leather armour    |    13 |     6 |       ||    19
         Skin              |       |       |    14 ||    14
  Dodge: Dodged            |    79 |    20 |    75 ||   174

Table legend: (Time is in decaauts)
 A = Elapsed time spent in this place.
 B = Non-inter-level travel time spent in this place.
 C = Inter-level travel time spent in this place.
 D = Time resting spent in this place.
 E = Time spent auto-exploring this place.
 F = Levels seen in this place.
 G = Mean time per level.
                   A        B        C        D        E       F      G
               +--------+--------+--------+--------+--------+-----+--------+
         Total |   5236 |   5112 |    124 |   1078 |   3153 |   7 |  748.0 |
       Dungeon |   5226 |   5102 |    124 |   1078 |   3153 |   6 |  871.0 |
        Temple |      9 |      9 |      0 |      0 |      0 |   1 |    9.0 |
               +--------+--------+--------+--------+--------+-----+--------+

Top non-repeatable levels by time:
     D:4: 1356 daAuts
     D:3: 1310 daAuts
     D:1: 1067 daAuts
     D:2: 828 daAuts
     D:6: 535 daAuts
     D:5: 128 daAuts
  Temple: 9 daAuts
